 Dungeon Crawl Stone Soup version 0.25-a0-665-ga69d64035b (webtiles) character file.

Game seed: 902011131046819555, levelgen mode: deterministic

558735 Lauz the Hoplite (level 25, -7/230 (238) HPs)
             Began as a Minotaur Fighter on Mar 24, 2020.
             Was the Champion of Okawaru.
             Mangled by a grey draconian
             ... wielding a +2 vorpal flail
              (9 damage)
             ... on level 1 of the Realm of Zot on Mar 26, 2020.
             The game lasted 04:55:35 (71135 turns).

Lauz the Hoplite (Minotaur Fighter)                Turns: 71135, Time: 04:55:36

HP:   -7/230 (238)  AC: 47    Str: 35    XL:     25   Next: 28%
MP:   37/37         EV: 19    Int: 12    God:    Okawaru [******]
Gold: 7761          SH: 21    Dex: 16    Spells: 24/24 levels left

rFire    + + .     SeeInvis .   n - +8 double sword "Ybbesoxe" {vorpal, Fragile MR+ Str+4}
rCold    + . .     Gourm    .   C - +1 kite shield {reflect}
rNeg     + + .     Faith    .   K - +16 plate armour of Courage {rCorr}
rPois    +         Spirit   .   g - +1 hat
rElec    .         Reflect  +   w - +2 cloak of the Elven Halls {rPois}
rCorr    +         Harm     .   p - +1 pair of gloves
MR       ++...                  V - +1 pair of boots "Gadghasiam" {+Blink Dex+2}
Stlth    ..........             E - macabre finger necklace {rN+}
HPRegen  0.48/turn              i - ring "Ylociuto" {*Contam rF+ rN+ MP+9 Int+4}
MPRegen  0.25/turn              H - ring "Heon" {rC+ Int+3}
                                u - ring of Jyocuni {+Inv rF+ Str+2 Slay+3 Stlth+}

@: about to teleport, slowed, studying Fire Magic, very slow
A: retaliatory headbutt, horns 2
}: 3/15 runes: barnacled, silver, gossamer
a: Heroism, Finesse, Renounce Religion, Evoke Blink, Evoke Invisibility


You were on level 1 of the Realm of Zot.
You worshipped Okawaru.
Okawaru was exalted by your worship.
You were very hungry.

You visited 11 branches of the dungeon, and saw 47 of its levels.
You also visited: Ossuary and Gauntlet.

You collected 9859 gold pieces.
You spent 2098 gold pieces at shops.

Inventory:

Hand Weapons
 b - a +4 demon blade of flaming
 l - a +5 scimitar of holy wrath
 n - the +8 double sword "Ybbesoxe" (weapon) {vorpal, Fragile MR+ Str+4}
   (Okawaru gifted it to you on level 3 of the Shoals)

   It inflicts extra damage upon your enemies.
   It affects your strength (+4).
   It affects your resistance to hostile enchantments.
   It will be destroyed if unequipped.
 G - the +7 scimitar of Piyb {elec, rF+ Str+8}
   (Okawaru gifted it to you on level 4 of the Spider Nest)

   Occasionally, upon striking a foe, it will discharge some electrical energy
   and cause terrible harm.
   It affects your strength (+8).
   It protects you from fire.
 Q - a +0 double sword of protection
Missiles
 a - 9 boomerangs of dispersal
 s - 43 javelins (quivered)
 M - 37 silver javelins
 S - 60 boomerangs
Armour
 g - a +1 hat (worn)
 h - +2 gold dragon scales
 p - a +1 pair of gloves (worn)
 v - the +18 shield of the Gong {rElec rN+ MR+ EV-5}
   (You took it off a deep elf death mage on level 3 of the Elven Halls)

   It affects your evasion (-5).
   It insulates you from electricity.
   It protects you from negative energy.
   It affects your resistance to hostile enchantments.
 w - the +2 cloak of the Elven Halls (worn) {rPois}
   (Okawaru gifted it to you on level 1 of the Depths)

   It protects you from poison.
 C - a +1 kite shield of reflection (worn)
 K - the +16 plate armour of Courage (worn) {rCorr}
   (You found it on level 3 of the Depths)

   It provides partial protection from all sources of acid and corrosion.
 V - the +1 pair of boots "Gadghasiam" (worn) {+Blink Dex+2}
   (You found it in a Gauntlet)

   It affects your dexterity (+2).
   It lets you blink.
 Y - a +0 robe
Jewellery
 c - an uncursed ring of wizardry
 i - the ring "Ylociuto" (left hand) {*Contam rF+ rN+ MP+9 Int+4}
   (You found it in a Gauntlet)

   [ring of protection from fire]

   It affects your intelligence (+4).
   It protects you from fire.
   It protects you from negative energy.
   It affects your magic capacity (+9).
   It causes magical contamination when unequipped.
 j - the amulet "Opsynoiss" {rF+ Regen+ Int+2}
   (You bought it in a shop on level 1 of the Depths)

   [amulet of regeneration]

   It affects your intelligence (+2).
   It protects you from fire.
   It increases your rate of regeneration.
 u - the ring of Jyocuni (on amulet) {+Inv rF+ Str+2 Slay+3 Stlth+}
   (You acquired it on level 3 of the Vaults)

   [ring of slaying]

   It affects your strength (+2).
   It affects your accuracy and damage with ranged weapons and melee attacks
   (+3).
   It protects you from fire.
   It lets you turn invisible.
   It makes you more stealthy.
 E - the macabre finger necklace (around neck) {rN+}
   (You found it on level 3 of the Elven Halls)

   [amulet of nothing]

   It protects you from negative energy.
 H - the ring "Heon" (right hand) {rC+ Int+3}
   (You found it on level 3 of the Elven Halls)

   [ring of intelligence]

   It affects your intelligence (+3).
   It protects you from cold.
 I - an uncursed ring of resist corrosion
 P - a +6 ring of protection
 U - an uncursed ring of protection from magic
 X - the ring of Bodyph {rN+ Dex+2 Slay+2}
   (You found it on level 4 of the Lair of Beasts)

   [ring of dexterity]

   It affects your dexterity (+2).
   It affects your accuracy and damage with ranged weapons and melee attacks
   (+2).
   It protects you from negative energy.
Scrolls
 e - 17 scrolls of teleportation
 m - 14 scrolls of fog
 r - 30 scrolls of remove curse
 y - a scroll of silence
 z - 11 scrolls of magic mapping
 D - 5 scrolls of holy word
 F - 9 scrolls of enchant weapon
 J - 2 scrolls of summoning
 L - 11 scrolls of identify
 N - 4 scrolls of blinking
 Z - a scroll of enchant armour
Potions
 d - 4 potions of might
 o - 2 potions of resistance
 q - 5 potions of heal wounds
 t - 2 potions of stabbing
 x - 11 potions of haste
 A - 6 potions of berserk rage
 B - 7 potions of invisibility
 O - 7 potions of cancellation
 R - 2 potions of brilliance
 T - 6 potions of curing
Books
 k - a manual of Fire Magic
Miscellaneous
 W - a lightning rod (4/4)
Comestibles
 f - 80 rations


   Skills:
 + Level 22.2 Fighting
   Level 1.0(15.2) Short Blades
 + Level 23.8 Long Blades
 * Level 15.0 Throwing
 * Level 22.5 Armour
 + Level 14.2 Dodging
 + Level 25.1 Shields
 - Level 8.9 Invocations


You had 24 spell levels left.
You didn't know any spells.
Your spell library contained the following spells:

 Spells                   Type           Power        Failure   Level  Hunger
 Animate Skeleton         Necr           N/A          69%         1    ##.....
 Apportation              Tloc           #.....       69%         1    ##.....
 Beastly Appendage        Tmut           #.....       69%         1    ##.....
 Corona                   Hex            #......      69%         1    ##.....
 Foxfire                  Conj/Fire      #...         69%         1    ##.....
 Freeze                   Ice            #...         69%         1    ##.....
 Infusion                 Chrm           #...         69%         1    ##.....
 Magic Dart               Conj           #...         69%         1    ##.....
 Sandblast                Erth           #.....       69%         1    ##.....
 Shock                    Conj/Air       #...         69%         1    ##.....
 Sting                    Tmut/Pois      #...         69%         1    ##.....
 Summon Butterflies       Summ           #.......     69%         1    ##.....
 Summon Small Mammal      Summ           #...         69%         1    ##.....
 Blink                    Tloc           N/A          83%         2    ###....
 Call Imp                 Summ           #.......     83%         2    ###....
 Ensorcelled Hibernation  Hex/Ice        #.....       83%         2    ###....
 Passwall                 Tmut/Erth      #.......     83%         2    ###....
 Poisonous Vapours        Pois/Air       #.....       83%         2    ###....
 Searing Ray              Conj           #.....       83%         2    ###....
 Shroud of Golubria       Chrm/Tloc      #.....       83%         2    ###....
 Slow                     Hex            #.......     83%         2    ###....
 Song of Slaying          Chrm           #.......     83%         2    ###....
 Sticks to Snakes         Tmut           #.......     83%         2    ###....
 Sublimation of Blood     Necr           #.........   83%         2    ###....
 Call Canine Familiar     Summ           #.......     96%         3    ####...
 Confusing Touch          Hex            #.......     96%         3    ####...
 Conjure Flame            Conj/Fire      #.......     96%         3    ####...
 Dazzling Flash           Conj/Hex       #.....       96%         3    ####...
 Frozen Ramparts          Ice            #.....       96%         3    ####...
 Ignite Poison            Fire/Tmut/Pois #.......     96%         3    ####...
 Inner Flame              Hex/Fire       #.......     96%         3    ####...
 Lesser Beckoning         Tloc           #.........   96%         3    ####...
 Mephitic Cloud           Conj/Pois/Air  #.......     96%         3    ####...
 Ozocubu's Armour         Chrm/Ice       #.......     96%         3    ####...
 Portal Projectile        Hex/Tloc       #.....       96%         3    ####...
 Spectral Weapon          Hex/Chrm       #.......     96%         3    ####...
 Spider Form              Tmut/Pois      #.........   96%         3    ####...
 Stone Arrow              Conj/Erth      #.....       96%         3    ####...
 Summon Guardian Golem    Hex/Summ       #.......     96%         3    ####...
 Tukima's Dance           Hex            #.......     96%         3    ####...
 Cause Fear               Hex            #.........   100%        4    #####..
 Fulminant Prism          Conj/Hex       #.........   100%        4    #####..
 Hailstorm                Conj/Ice       #.......     100%        4    #####..
 Ice Form                 Ice/Tmut       #.......     100%        4    #####..
 Iskenderun's Mystic Bla  Conj/Tloc      #.......     100%        4    #####..
 Olgreb's Toxic Radiance  Pois           #.......     100%        4    #####..
 Petrify                  Tmut/Erth      #.......     100%        4    #####..
 Sticky Flame             Conj/Fire      #.......     100%        4    #####..
 Summon Ice Beast         Ice/Summ       #.......     100%        4    #####..
 Summon Lightning Spire   Summ/Air       #.......     100%        4    #####..
 Alistair's Intoxication  Tmut/Pois      #.......     100%        5    ######.
 Blade Hands              Tmut           #.........   100%        5    ######.
 Excruciating Wounds      Chrm/Necr      #.........   100%        5    ######.
 Fireball                 Conj/Fire      #.........   100%        5    ######.
 Irradiate                Conj/Tmut      #.........   100%        5    ######.
 Lee's Rapid Deconstruct  Erth           #.........   100%        5    ######.
 Metabolic Englaciation   Hex/Ice        #.........   100%        5    ######.
 Silence                  Hex/Air        #.........   100%        5    ######.
 Summon Mana Viper        Hex/Summ       #.......     100%        5    ######.
 Yara's Violent Unravell  Hex/Tmut       #.........   100%        5    ######.
 Conjure Ball Lightning   Conj/Air       #.........   100%        6    #######
 Darkness                 Hex            #.........   100%        6    #######
 Deflect Missiles         Chrm/Air       #.........   100%        6    #######
 Dispersal                Tloc           #.........   100%        6    #######
 Eringya's Noxious Bog    Tmut/Pois      #.........   100%        6    #######
 Freezing Cloud           Conj/Ice/Air   #.........   100%        6    #######
 Invisibility             Hex            #.......     100%        6    #######
 Iron Shot                Conj/Erth      #.........   100%        6    #######
 Ozocubu's Refrigeration  Ice            #.........   100%        6    #######
 Simulacrum               Ice/Necr       #.........   100%        6    #######
 Statue Form              Tmut/Erth      #........    100%        6    #######
 Dragon Form              Tmut           #.........   100%        7    #######
 Malign Gateway           Summ/Tloc      #.........   100%        7    #######
 Ring of Flames           Chrm/Fire      #.........   100%        7    #######
 Spellforged Servitor     Conj/Summ      #.........   100%        7    #######
 Summon Hydra             Summ           #.........   100%        7    #######
 Chain Lightning          Conj/Air       #.........   100%        8    #######
 Controlled Blink         Tloc           N/A          100%        8    #######
 Discord                  Hex            #.........   100%        8    #######
 Ignition                 Fire           #.........   100%        8    #######
 Lehudib's Crystal Spear  Conj/Erth      #.........   100%        8    #######
 Fire Storm               Conj/Fire      #.........   100%        9    #######
 Glaciate                 Conj/Ice       #.........   100%        9    #######
 Tornado                  Air            #.........   100%        9    #######


Dungeon Overview and Level Annotations

Branches:
Dungeon (15/15)            Temple (1/1) D:4            Lair (6/6) D:11
 Shoals (4/4) Lair:3       Spider (4/4) Lair:4        Slime (0/5) Lair:6
    Orc (2/2) D:9             Elf (3/3) Orc:2        Vaults (5/5) D:13
  Crypt (1/3) Vaults:2     Depths (5/5) D:15            Zot (1/5) Depths:5
Ossuary (visited)         Gauntlet (visited)

Altars:
Ashenzari
Cheibriados
Dithmenos
Elyvilon
Fedhas
Gozag
Hepliaklqana
Kikubaaqudgha
Makhleb
Nemelex Xobeh
Okawaru
Qazlal
Ru
Sif Muna
Trog
Uskayaw
Vehumet
Wu Jian
Xom
Yredelemnul
Zin
The Shining One
Jiyva

Shops:
D:10 :   Orc:2 ![*=   Shoals:3 }   Vaults:2 (   Depths:1 =}=

Portals:
Hell: Depths:1 Depths:2 Depths:3 Depths:4 Depths:5
Abyss: Depths:1 Depths:2 Depths:4
Pandemonium: Depths:3 Depths:4
Ziggurat: Depths:3
Trove: Vaults:4 (give 6 potions of stabbing)


Innate Abilities, Weirdness & Mutations

You reflexively headbutt those who attack you in melee.
You have a pair of horns on your head.


Message History

The death cob closely misses you. You furiously retaliate!
You headbutt the death cob! You block the death cob's attack.
The grey draconian closely misses you.
You riposte.
You carve the grey draconian like a ham!!!
You headbutt the grey draconian!
The grey draconian is severely wounded.
The grey draconian barely misses you.
The grey draconian hits you but does no damage.
You block the grey draconian's attack. The death cob completely misses you.
You riposte.
You slice the death cob!!
The death cob is heavily damaged.
The grey draconian hits you but does no damage.
The grey draconian tail-slaps you but does no damage.
The death cob completely misses you. You furiously retaliate!
You headbutt the death cob, but do no damage.
The grey draconian hits you with a +0 war axe!
* * * LOW HITPOINT WARNING * * *
You block the grey draconian's attack.
The grey draconian hits you with a +2 vorpal flail!
You die...

#.8. #...#
##.≈.##
##≈...≈##
#≈.....≈#
##.......##
#§.^.....≈#
##..^d.z§..+
#≈..zd@q...+
##..dzdd.^.+
#§..pd...≈#
##.......##
#≈.....§#
##§...§##
##.≈.##
#...# .8.#


You could see a Killer Klown (mute), a grey draconian monk, 6 draconians and 3
death cobs.

Vanquished Creatures
  An ancient lich (Vaults:5)
  Boris (thrice) (Vaults:4 Depths:2 Crypt:1)
  Bai Suzhen (Vaults:4)
  Saint Roka (Elf:3)
  6 golden dragons
  The ghost of Boawosoz the Markscentaur, a veteran CeHu of Okawaru (Depths:5)
  Xtahua (Vaults:3)
  Nikola (Shoals:3)
  Arachne (Spider:2)
  6 tentacled monstrosities
  3 liches
  4 titans
  2 deep elf blademasters (Elf:3)
  A death cob (Zot:1)
  A kraken (Shoals:2)
  Kirke (Shoals:1)
  3 sphinxes
  An acid blob (shapeshifter) (Depths:2)
  An ancient champion (Crypt:1)
  Polyphemus (Shoals:3)
  10 tengu reavers
  The ghost of Wonut the Impaler, an adept MiBe of Trog (Shoals:2)
  4 shadow dragons
  5 draconian monks
  Donald (Vaults:4)
  Roxanne (D:14)
  A revenant (Crypt:1)
  4 storm dragons
  8 frost giants
  16 vault wardens
  9 fire giants
  2 iron dragons
  Aizul (Shoals:2)
  3 ghost moths (Spider:4)
  9 deep elf sorcerers
  A draconian scorcher (Depths:4)
  Louise (Shoals:3)
  3 emperor scorpions
  A juggernaut zombie (Crypt:1)
  4 curse skulls
  3 ghouls
  8 deep elf elementalists
  A draconian annihilator (Depths:5)
  23 very ugly things
  4 spriggan defenders
  A war gargoyle (Vaults:5)
  14 ironheart preservers
  31 stone giants
  A juggernaut skeleton (Depths:4)
  3 black draconians (Depths:5)
  8 entropy weavers
  The ghost of WasteTime2 the Fencer, an adept DsGl of Makhleb (Elf:2)
  7 deep elf demonologists
  3 white draconians
  11 deep elf annihilators
  A red draconian (Depths:5)
  4 green draconians (Depths:5)
  3 purple draconians (Depths:5)
  10 vampire knights
  A lorocyproca (Depths:3)
  A spark wasp (Spider:4)
  A minotaur (Gauntlet)
  8 ettins
  3 merfolk javelineers
  An eidolon (Crypt:1)
  7 deep elf death magi
  6 fire dragons
  5 jiangshi
  Josephine (D:11)
  4 merfolk impalers
  14 yaktaur captains
  7 great orbs of eyes
  The ghost of kae the Grappler, a journeyman DrTm of Wu Jian (D:12)
  7 deep elf high priests
  24 vault guards
  6 ice dragons
  2 spriggan air magi (Depths:4)
  6 hydras
  4 rakshasas
  An alligator snapping turtle (Shoals:4)
  2 catoblepae
  5 death knights
  28 dancing weapons
  An anaconda (shapeshifter) (Vaults:5)
  10 centaur warriors
  45 two-headed ogres
  3 merfolk aquamancers
  11 deep troll shamans
  8 tengu warriors
  2 merfolk avatars
  12 ogre magi
  5 satyrs
  18 death yaks
  11 deep troll earth magi
  8 vampire magi
  24 deep elf knights
  An orc high priest (Elf:2)
  A sun demon (Depths:3)
  7 spriggan berserkers
  A storm dragon zombie (Crypt:1)
  4 skeletal warriors (Crypt:1)
  3 iron trolls
  7 hell knights (Depths:4)
  A sixfirhy (Depths:3)
  A storm dragon skeleton (Depths:4)
  A torturous demonspawn (Depths:3)
  A sea snake (shapeshifter) (Depths:4)
  2 death drakes
  An unseen horror (shapeshifter) (Depths:3)
  20 deep trolls
  13 sea snakes
  5 glowing orange brains
  3 unseen horrors
  10 deep elf archers
  9 wizards
  6 flayed ghosts
  15 orc knights
  11 ironbrand convokers
  7 necromancers
  12 phantasmal warriors
  14 orb spiders
  7 orc sorcerers
  A mana viper (shapeshifter) (Depths:4)
  16 harpies
  5 lindwurms
  A lindwurm (shapeshifter) (Vaults:5)
  A spectral satyr (Shoals:2)
  32 wolf spiders
  37 ugly things
  A frost giant zombie (Crypt:1)
  61 deep elf magi
  A moth of wrath (shapeshifter) (Elf:1)
  12 manticores
  14 cyclopes
  16 fauns
  13 elephants
  A fire giant skeleton (Vaults:5)
  7 merfolk sirens
  14 vault sentinels
  7 black mambas
  A frost giant skeleton (Depths:4)
  2 guardian serpents (shapeshifter)
  A naga mage (D:15)
  A rust devil (Depths:3)
  3 water nymphs
  A smoke demon (Depths:3)
  A black mamba (shapeshifter) (Depths:1)
  A torpor snail (shapeshifter) (Vaults:2)
  5 spectral swamp worms (Depths:5)
  12 spiny frogs
  A spiny frog (shapeshifter) (Depths:2)
  A kobold demonologist (D:13)
  3 gargoyles
  4 torpor snails
  12 freezing wraiths
  An efreet (D:15)
  8 rime drakes
  34 yaktaurs
  17 komodo dragons
  16 demonic crawlers
  A golden dragon simulacrum (Depths:4)
  A yaktaur skeleton (Vaults:5)
  A spectral water nymph (Shoals:2)
  20 merfolk
  A spectral harpy (Shoals:2)
  3 large abominations (Gauntlet)
  15 hornets
  25 jumping spiders
  A troll (shapeshifter) (Vaults:1)
  3 polar bears
  2 jumping spiders (shapeshifter)
  10 wind drakes
  A meliai (shapeshifter) (Depths:5)
  20 trolls
  A raiju (shapeshifter) (Depths:4)
  4 spectral merfolk (Shoals:2)
  22 hippogriffs
  A hippogriff (shapeshifter) (D:14)
  22 slime creatures
  2 human simulacra
  15 blink frogs
  2 dream sheep (Lair:5)
  9 snapping turtles
  61 redbacks
  2 ettin zombies
  A flying skull (Vaults:2)
  Sigmund (D:2)
  2 air elementals
  14 tarantellas
  9 water elementals
  8 wraiths
  A tarantella (shapeshifter) (Vaults:4)
  4 spriggans (Depths:4)
  A basilisk (shapeshifter) (Depths:3)
  8 wyverns
  A hog (shapeshifter) (Vaults:5)
  A hog (Shoals:1)
  26 yaks
  2 fire elementals
  2 vampire mosquitoes (D:15)
  A sea snake simulacrum (Shoals:2)
  2 hungry ghosts
  2 basilisks
  A two-headed ogre zombie (Crypt:1)
  4 wargs
  A deep troll zombie (Vaults:5)
  An infernal demonspawn zombie (Crypt:1)
  A soldier ant (shapeshifter) (Depths:4)
  12 water moccasins
  An acid dragon (shapeshifter) (Elf:1)
  An acid dragon (Vaults:2)
  A spiny frog zombie (Crypt:1)
  A two-headed ogre skeleton (Crypt:1)
  13 porcupines
  A porcupine (shapeshifter) (Vaults:5)
  38 orc warriors
  A hornet zombie (D:15)
  4 swamp drakes (Depths:5)
  5 sky beasts
  A sky beast (shapeshifter) (Depths:2)
  A black bear (D:8)
  An eye of draining (D:11)
  5 ice beasts
  An ettin simulacrum (Vaults:2)
  38 ogres
  16 boggarts
  2 phantoms
  2 necrophages (Crypt:1)
  34 wolves
  A wind drake simulacrum (Shoals:2)
  27 centaurs
  2 salamander zombies (Crypt:1)
  21 bullfrogs
  26 crocodiles
  4 big kobolds
  A water nymph simulacrum (Shoals:2)
  An octopode zombie (Crypt:1)
  A wyvern zombie (D:14)
  A gnoll sergeant (D:9)
  A spiny frog simulacrum (Gauntlet)
  A wyvern skeleton (D:7)
  14 scorpions
  14 wights
  2 howler monkeys
  7 crimson imps
  4 jellies
  A quasit (Depths:3)
  7 small abominations
  6 centaur zombies
  A gnoll shaman (D:9)
  An iron imp (Depths:3)
  A bullfrog skeleton (D:7)
  9 hounds
  5 human zombies
  7 centaur skeletons
  22 orc priests
  Jessica (D:3)
  13 iguanas
  11 worker ants
  Terence (D:3)
  A hell rat (D:11)
  Natasha (D:3)
  21 orc wizards
  A bullfrog simulacrum (Gauntlet)
  3 centaur simulacra
  A hound zombie (D:7)
  3 mummies (Ossuary)
  14 adders
  3 howler monkey skeletons
  9 gnolls
  2 river rats (D:11)
  3 scorpion zombies (Ossuary)
  2 shadow imps
  A white imp (Depths:3)
  4 ufetubi (Depths:3)
  2 oozes
  A worm zombie (D:4)
  4 adder skeletons
  5 worms
  A barachi zombie (Crypt:1)
  A dart slug (D:2)
  13 leopard geckos
  108 orcs
  5 bats
  5 giant cockroaches
  3 gnoll zombies (Ossuary)
  5 goblins
  15 hobgoblins
  7 jackals
  5 quokkas
  A ball python (D:3)
  14 frilled lizards
  2 goblin zombies (Ossuary)
  4 hobgoblin zombies (Ossuary)
  19 kobolds
  A leopard gecko zombie (D:6)
  2 orc zombies (Ossuary)
  2 quokka skeletons
  17 rats
  A butterfly (D:4)
  3 tentacles (Shoals:2)
2140 creatures vanquished.

Vanquished Creatures (collateral kills)
  2 vault guards (Vaults:5)
2 creatures vanquished.

Vanquished Creatures (others)
  2 deep elf master archers (Elf:3)
  A tengu reaver (Depths:2)
  A fire giant (Depths:3)
  2 vault guards (Vaults:5)
  A centaur warrior (Depths:2)
  A hell knight (Depths:4)
  3 unseen horrors (Elf:2)
  4 deep elf archers (Elf:1)
  3 deep elf magi
  A vault sentinel (Vaults:5)
  8 yaktaurs
  A boggart (Depths:1)
  3 centaurs
  A scorpion (Ossuary)
  An orc priest (Vaults:4)
  9 fungi
  38 plants
  9 tentacles (Shoals:2)
  5 toadstools (D:11)
94 creatures vanquished.

Grand Total: 2236 creatures vanquished

Notes
Turn   | Place    | Note
-------+----------+-------------------------------------------
     0 | D:1      | Lauz the Minotaur Fighter began the quest for the Orb.
     0 | D:1      | Reached XP level 1. HP: 19/19 MP: 0/0
   320 | D:1      | Reached XP level 2. HP: 23/27 MP: 1/1
   783 | D:2      | Noticed Sigmund
   813 | D:2      | Killed Sigmund
   813 | D:2      | Reached skill level 5 in Armour
   813 | D:2      | Reached XP level 3. HP: 10/34 MP: 2/2
   813 | D:2      | Reached XP level 4. HP: 12/41 MP: 3/3
   813 | D:2      | Reached XP level 5. HP: 14/47 MP: 4/4
   919 | D:1      | HP: 2/47 [poisoned by an adder]
   927 | D:1      | HP: 1/47 [poisoned by an adder]
  1381 | D:2      | Reached skill level 5 in Long Blades
  1533 | D:2      | Found a snail-covered altar of Cheibriados.
  1643 | D:2      | Reached XP level 6. HP: 53/53 MP: 5/5
  1647 | D:2      | Found a burning altar of Makhleb.
  1917 | D:3      | Noticed Jessica
  1924 | D:3      | Killed Jessica
  2118 | D:3      | Found an ancient bone altar of Kikubaaqudgha.
  2338 | D:3      | Noticed Terence
  2359 | D:3      | Killed Terence
  2388 | D:3      | Noticed Natasha
  2395 | D:3      | Killed Natasha
  2423 | D:3      | Found a faded altar of an unknown god.
  2602 | D:3      | Found an opulent altar of Gozag.
  2766 | D:4      | Found a staircase to the Ecumenical Temple.
  2777 | Temple   | Entered the Ecumenical Temple
  3101 | D:4      | Found a sand-covered staircase.
  3131 | Ossuary  | Entered an ossuary
  3147 | Ossuary  | Reached skill level 5 in Fighting
  3185 | Ossuary  | Reached XP level 7. HP: 53/61 MP: 6/6
  3632 | Ossuary  | Reached XP level 8. HP: 56/69 MP: 7/7
  4076 | D:4      | Found a basalt altar of Yredelemnul.
  4098 | D:4      | Found an iron altar of Okawaru.
  4106 | D:4      | Became a worshipper of Warmaster Okawaru
  4351 | D:5      | Entered Level 5 of the Dungeon
  4489 | D:5      | Reached skill level 10 in Long Blades
  4501 | D:5      | Found a sacrificial altar of Ru.
  4715 | D:5      | Found a shattered altar of Ashenzari.
  5149 | D:6      | Reached * piety under Okawaru
  5312 | D:6      | Found a sparkling altar of Nemelex Xobeh.
  5330 | D:6      | Found a hide-covered altar of Uskayaw.
  5331 | D:6      | Noticed a +0 dagger
  5331 | D:6      | Noticed a +0 hand axe
  5344 | D:6      | Reached XP level 9. HP: 75/75 MP: 8/8
  6553 | D:7      | Noticed a two-headed ogre
  6571 | D:7      | Killed a two-headed ogre
  6571 | D:7      | Reached ** piety under Okawaru
  6780 | D:7      | Reached *** piety under Okawaru
  6998 | D:7      | Found a bloodstained altar of Trog.
  7158 | D:7      | Reached XP level 10. HP: 86/86 MP: 9/9
  7192 | D:7      | Found a glowing golden altar of the Shining One.
  7741 | D:8      | Found a blossoming altar of Fedhas.
  7999 | D:8      | You fall into a shaft and drop 3 floors!
  8006 | D:10     | Entered Level 10 of the Dungeon
  8486 | D:9      | Found a staircase to the Orcish Mines.
  8503 | D:9      | Reached **** piety under Okawaru
  9286 | D:10     | Noticed a gargoyle
  9302 | D:10     | Killed a gargoyle
  9513 | D:10     | Noticed a cyan ugly thing
  9521 | D:10     | Reached skill level 15 in Long Blades
  9529 | D:10     | Killed a cyan ugly thing
  9529 | D:10     | Reached skill level 10 in Armour
  9535 | D:10     | Reached ***** piety under Okawaru
  9565 | D:10     | Killed an unseen horror
  9565 | D:10     | Reached XP level 11. HP: 64/97 MP: 10/10
  9835 | D:10     | Found Feuz's Book Shop.
 10038 | D:11     | Noticed a death yak
 10046 | D:11     | Noticed a death yak
 10055 | D:11     | Noticed a death yak
 10068 | D:10     | Killed a death yak
 10332 | D:10     | Killed a death yak
 10401 | D:10     | Killed a death yak
 10422 | D:11     | Received a gift from Okawaru
 10448 | D:11     | Noticed Josephine
 10462 | D:11     | Killed Josephine
 10462 | D:11     | Reached skill level 10 in Fighting
 10742 | D:11     | Found a staircase to the Lair.
 10782 | D:11     | Killed an unseen horror
 10787 | D:11     | Reached skill level 1 in Invocations
 11030 | D:11     | Got an ancient scale mail
 11041 | D:11     | Identified the cursed +1 scale mail of Ahuqog {rF+ MR+}
                  | (You found it on level 11 of the Dungeon)
 11095 | Lair:1   | Entered Level 1 of the Lair of Beasts
 11392 | Lair:1   | Received a gift from Okawaru
 11581 | Lair:2   | HP: 5/101 [blink frog (3)]
 11820 | Lair:1   | Reached XP level 12. HP: 37/108 MP: 13/13
 12064 | Lair:1   | Reached skill level 1 in Dodging
 12073 | Lair:1   | Noticed a four-headed hydra
 12086 | Lair:1   | Killed a 13-headed hydra
 12380 | Lair:1   | Received a gift from Okawaru
 12868 | Lair:1   | Noticed a seven-headed hydra
 12878 | Lair:1   | Killed a seven-headed hydra
 13284 | Lair:2   | Noticed a death yak
 13284 | Lair:2   | Noticed a death yak
 13284 | Lair:2   | Noticed a death yak
 13291 | Lair:1   | Killed a death yak
 13301 | Lair:1   | Killed a death yak
 13306 | Lair:1   | Killed a death yak
 13624 | Lair:2   | Reached skill level 5 in Invocations
 13656 | Lair:2   | Received a gift from Okawaru
 13866 | Lair:2   | Noticed a catoblepas
 13877 | Lair:2   | Killed a catoblepas
 13877 | Lair:2   | Reached skill level 5 in Dodging
 14548 | Lair:3   | Noticed a death yak
 14580 | Lair:3   | Killed a death yak
 14738 | Lair:3   | Reached XP level 13. HP: 119/119 MP: 16/16
 14752 | Lair:3   | Found a staircase to the Shoals.
 14761 | Lair:3   | Reached skill level 1 in Short Blades
 14763 | Lair:3   | Reached ****** piety under Okawaru
 16207 | Lair:4   | Found a hole to the Spider Nest.
 16288 | Lair:4   | Got a pitted silver ring
 17042 | Lair:4   | Received a gift from Okawaru
 17891 | Lair:5   | Identified the ring of Bodyph {rN+ Dex+2 Slay+2} (You found
                  | it on level 4 of the Lair of Beasts)
 18331 | Lair:6   | Entered Level 6 of the Lair of Beasts
 18458 | Lair:5   | Reached XP level 14. HP: 90/133 MP: 18/18
 18631 | Lair:6   | Received a gift from Okawaru
 19036 | Lair:6   | HP: 5/133 [crocodile (6)]
 19042 | Lair:6   | HP: 4/133 [poisoned by a spiny frog]
 19048 | Lair:6   | HP: 4/133 [poisoned by a spiny frog]
 19056 | Lair:6   | HP: 4/133 [poisoned by a spiny frog]
 19560 | Lair:6   | Found a viscous altar of Jiyva.
 19560 | Lair:6   | Found a staircase to the Slime Pits.
 19618 | Lair:6   | Reached skill level 15 in Fighting
 19795 | Lair:6   | Reached skill level 15 in Armour
 19808 | Lair:6   | Received a gift from Okawaru
 20554 | Orc:1    | Entered Level 1 of the Orcish Mines
 20782 | Orc:1    | Found a bloodstained altar of Trog.
 21060 | Orc:2    | Entered Level 2 of the Orcish Mines
 21060 | Orc:2    | Found Cumemoi's Assorted Antiques.
 21727 | Orc:1    | Received a gift from Okawaru
 22471 | Orc:2    | Reached XP level 15. HP: 134/143 MP: 20/20
 22570 | Orc:2    | Found a bloodstained altar of Trog.
 22744 | Orc:2    | Found Heril's Distillery.
 22747 | Orc:2    | Found Wadiaw Kefo's Antique Armour Shop.
 22755 | Orc:2    | Found Miyxt's Jewellery Emporium.
 22757 | Orc:2    | Found a staircase to the Elven Halls.
 22995 | Orc:2    | Bought an emerald-encrusted plate armour for 588 gold
                  | pieces
 23005 | Orc:2    | Identified the +1 plate armour of the Solstice {Str+3
                  | Int+4} (You bought it in a shop on level 2 of the Orcish
                  | Mines)
 23115 | Orc:2    | Bought a shiny plate armour for 546 gold pieces
 23547 | Shoals:1 | Entered Level 1 of the Shoals
 24169 | Shoals:1 | Noticed Kirke
 24186 | Shoals:1 | Killed Kirke
 24464 | Shoals:2 | Received a gift from Okawaru
 24861 | Shoals:2 | Noticed Aizul
 24879 | Shoals:2 | Killed Aizul
 25693 | Shoals:2 | Found a runed translucent gate.
 25693 | Shoals:2 | Found a runed translucent gate.
 25694 | Shoals:2 | Found a runed translucent gate.
 25697 | Shoals:2 | You fall into a shaft and drop 1 floor!
 26068 | Shoals:3 | Noticed Polyphemus
 26080 | Shoals:3 | Received a gift from Okawaru
 26080 | Shoals:3 | Reached skill level 10 in Dodging
 26090 | Shoals:3 | Killed Polyphemus
 26876 | Shoals:3 | Identified a scroll of acquirement
 26876 | Shoals:3 | Identified the ring "Poumuhaj" {Dex+4 SInv} (You acquired
                  | it on level 3 of the Shoals)
 26885 | Shoals:3 | Noticed Nikola
 27266 | Shoals:4 | Entered Level 4 of the Shoals
 29011 | Shoals:3 | HP: 7/145 [poisoned by a merfolk impaler]
 29016 | Shoals:3 | HP: 6/145 [poisoned by a merfolk impaler]
 29021 | Shoals:3 | HP: 6/145 [poisoned by a merfolk impaler]
 29028 | Shoals:3 | HP: 6/145 [poisoned by a merfolk impaler]
 29036 | Shoals:3 | HP: 7/145 [poisoned by a merfolk impaler]
 29311 | Shoals:4 | Received a gift from Okawaru
 29813 | Shoals:2 | Noticed a kraken
 29862 | Shoals:2 | Reached skill level 1 in Throwing
 29964 | Shoals:2 | Reached XP level 16. HP: 43/152 MP: 21/21
 30013 | Shoals:2 | HP: 7/152 [faun/stone[a satyr] (11)]
 30027 | Shoals:2 | Noticed Wonut's ghost (adept MiBe)
 30705 | Shoals:2 | Killed a kraken
 31197 | Shoals:3 | Found Cilesm's Gadget Shoppe.
 31303 | Shoals:4 | Noticed Louise
 31359 | Shoals:3 | Killed Louise
 31498 | Shoals:4 | Got a barnacled rune of Zot
 31696 | Shoals:4 | Identified the +3 rapier of Eternal Harmony {speed, +Blink
                  | rPois rF- rC+++} (You found it on level 4 of the Shoals)
 31816 | Shoals:4 | Received a gift from Okawaru
 33000 | Shoals:2 | Killed Wonut's ghost
 33383 | D:12     | Found a gate leading to a gauntlet.
 33390 | Gauntlet | Entered a Gauntlet
 33390 | Gauntlet | Found a transporter.
 33390 | Gauntlet | Found a transporter.
 33391 | Gauntlet | Found a transporter.
 33391 | Gauntlet | Found a transporter.
 33394 | Gauntlet | Found a transporter.
 33395 | Gauntlet | Found a transporter.
 33404 | Gauntlet | Found a transporter.
 33408 | Gauntlet | Found a transporter.
 33418 | Gauntlet | Found a transporter.
 33427 | Gauntlet | Found a transporter.
 33445 | Gauntlet | Found a transporter.
 33449 | Gauntlet | Found a transporter.
 33676 | Gauntlet | Got a warped glass ring
 33680 | Gauntlet | Identified the ring "Ylociuto" {*Contam rF+ rN+ MP+9 Int+4}
                  | (You found it in a Gauntlet)
 34008 | Gauntlet | Got a pair of warped boots
 34019 | Gauntlet | Identified the +1 pair of boots "Gadghasiam" {+Blink Dex+2}
                  | (You found it in a Gauntlet)
 34088 | Gauntlet | Identified Sif Hiv's Collected Works on Bewitchment
 34109 | Gauntlet | Identified the Catalogue of Lucky Earth
 34663 | D:12     | Found a transporter.
 34682 | D:12     | Noticed kae's ghost (journeyman DrTm)
 34683 | D:12     | Identified the +0 dire flail "Newtslayer" {vorpal, Dex+4
                  | Stlth+}
 34690 | D:12     | Found a transporter.
 34704 | D:12     | Received a gift from Okawaru
 34718 | D:12     | Killed kae's ghost
 35394 | D:13     | Found a gate to the Vaults.
 36385 | Shoals:3 | Killed Nikola
 36726 | Shoals:3 | Got a dazzling double sword {god gift}
 36727 | Shoals:3 | Identified the +8 double sword "Ybbesoxe" {vorpal, Fragile
                  | MR+ Str+4} (Okawaru gifted it to you on level 3 of the
                  | Shoals)
 37190 | D:14     | Received a gift from Okawaru
 37190 | D:14     | Reached skill level 4 in Shields
 37332 | D:14     | Identified Roxanne's Papyrus of Changing
 37332 | D:14     | Noticed Roxanne
 37348 | D:14     | Killed Roxanne
 37362 | D:14     | Reached XP level 17. HP: 144/162 MP: 22/22
 37716 | D:14     | Reached skill level 5 in Shields
 37999 | D:15     | Entered Level 15 of the Dungeon
 38278 | D:15     | Reached skill level 6 in Shields
 38317 | D:15     | Received a gift from Okawaru
 38369 | D:15     | Reached skill level 5 in Throwing
 38707 | D:15     | Found a staircase to the Depths.
 38725 | D:15     | Reached skill level 7 in Shields
 39106 | Vaults:1 | Entered Level 1 of the Vaults
 39160 | Vaults:1 | Received a gift from Okawaru
 39688 | Vaults:1 | Reached skill level 8 in Shields
 40562 | Spider:1 | Entered Level 1 of the Spider Nest
 40610 | Spider:1 | Reached skill level 9 in Shields
 41343 | Spider:1 | Received a gift from Okawaru
 41733 | Spider:2 | Received a gift from Okawaru
 41740 | Spider:2 | Got an encrusted great sword {god gift}
 41845 | Spider:2 | Noticed Arachne
 41878 | Spider:2 | Killed Arachne
 42045 | Spider:2 | Identified the +7 hunting sling of Volonoj {venom, Str+3}
 42057 | Spider:2 | Reached XP level 18. HP: 160/173 MP: 23/23
 42179 | Spider:2 | Reached skill level 10 in Shields
 43227 | Spider:3 | Reached skill level 11 in Shields
 43805 | Spider:3 | Received a gift from Okawaru
 44321 | Spider:4 | Entered Level 4 of the Spider Nest
 44412 | Spider:4 | Received a gift from Okawaru
 44432 | Spider:4 | Reached skill level 12 in Shields
 44559 | Spider:4 | Got a dazzling scimitar {god gift}
 44921 | Spider:4 | Reached skill level 13 in Shields
 45120 | Spider:4 | Got a gossamer rune of Zot
 45262 | Spider:4 | Received a gift from Okawaru
 45848 | Vaults:1 | Received a gift from Okawaru
 45994 | Vaults:1 | Reached skill level 14 in Shields
 46016 | Vaults:1 | Noticed a Hell Sentinel
 46724 | Vaults:2 | Found a staircase to the Crypt.
 47148 | Vaults:2 | Reached skill level 15 in Shields
 47170 | Vaults:2 | Received a gift from Okawaru
 47170 | Vaults:2 | Reached XP level 19. HP: 139/180 MP: 24/24
 47948 | Vaults:2 | Reached skill level 16 in Shields
 48447 | Vaults:2 | Found Leru Vim's Antique Weapon Boutique.
 48903 | Vaults:3 | Reached skill level 17 in Shields
 49385 | Vaults:3 | Received a gift from Okawaru
 49473 | Vaults:3 | You fall into a shaft and drop 1 floor!
 49642 | Vaults:4 | Noticed Donald
 49653 | Vaults:4 | Killed Donald
 49878 | Vaults:4 | Noticed a lich
 49890 | Vaults:4 | Killed a lich
 50093 | Vaults:4 | Found a portal to a secret trove of treasure.
 50206 | Vaults:4 | Reached skill level 18 in Shields
 50710 | Vaults:4 | Noticed Boris
 50739 | Vaults:4 | Killed Boris
 50739 | Vaults:4 | Received a gift from Okawaru
 50739 | Vaults:4 | Reached XP level 20. HP: 112/189 MP: 25/25
 51308 | Vaults:4 | Reached skill level 19 in Shields
 51392 | Vaults:4 | Noticed Bai Suzhen
 51406 | Vaults:4 | Killed Bai Suzhen
 51406 | Vaults:4 | Received a gift from Okawaru
 51791 | Vaults:3 | Received a gift from Okawaru
 51947 | Vaults:3 | Noticed Xtahua
 51961 | Vaults:3 | Paralysed by Xtahua for 7 turns
 51972 | Vaults:3 | Killed Xtahua
 51972 | Vaults:3 | Received a gift from Okawaru
 52330 | Vaults:3 | Reached skill level 20 in Shields
 52484 | Vaults:3 | Identified the ring of Jyocuni {+Inv rF+ Str+2 Slay+3
                  | Stlth+} (You acquired it on level 3 of the Vaults)
 53122 | Vaults:3 | Received a gift from Okawaru
 53734 | Depths:1 | Entered Level 1 of the Depths
 54091 | Depths:1 | Identified the +7 scimitar of Piyb {elec, rF+ Str+8}
                  | (Okawaru gifted it to you on level 4 of the Spider Nest)
 54111 | Depths:1 | Found Oceumm's Jewellery Boutique.
 54113 | Depths:1 | Found Gurihy's Gadget Emporium.
 54114 | Depths:1 | Found Tatathug's Jewellery Boutique.
 54129 | Depths:1 | Bought the amulet "Opsynoiss" {rF+ Regen+ Int+2} for 964
                  | gold pieces
 54140 | Depths:1 | Found a gateway to Hell.
 54160 | Depths:1 | Found a one-way gate to the infinite horrors of the Abyss.
 54282 | Depths:1 | Reached XP level 21. HP: 181/196 MP: 26/26
 54364 | Depths:1 | Received a gift from Okawaru
 54373 | Depths:1 | Got a distressingly furry cloak {god gift}
 54379 | Depths:1 | Identified the +2 cloak of the Elven Halls {rPois} (Okawaru
                  | gifted it to you on level 1 of the Depths)
 54552 | Depths:2 | Noticed Boris
 54566 | Depths:2 | Killed Boris
 54738 | Depths:2 | Reached skill level 21 in Shields
 54877 | Depths:2 | Identified the +4 great sword of the Sky {vorpal, rElec
                  | Dex+3} (Okawaru gifted it to you on level 2 of the Spider
                  | Nest)
 55810 | Depths:3 | Received a gift from Okawaru
 55811 | Depths:3 | Found a one-way gate leading to the halls of Pandemonium.
 55868 | Depths:3 | Found a gateway to a ziggurat.
 56167 | Depths:3 | Identified the Incunabulum of Flames and Summoning
 56380 | Depths:3 | Identified the +16 plate armour of Courage {rCorr} (You
                  | found it on level 3 of the Depths)
 56415 | Depths:3 | Received a gift from Okawaru
 56981 | Depths:4 | Reached skill level 22 in Shields
 56984 | Depths:4 | Received a gift from Okawaru
 56984 | Depths:4 | Noticed a golden dragon
 56989 | Depths:4 | Killed a golden dragon
 57008 | Depths:4 | Reached XP level 22. HP: 87/207 MP: 27/27
 57010 | Depths:4 | Received a gift from Okawaru
 57012 | Depths:4 | Noticed a golden dragon
 57022 | Depths:4 | Received a gift from Okawaru
 57029 | Depths:4 | Killed a golden dragon
 57356 | Depths:4 | Identified the +1 scimitar of Moral Flaws {venom, rElec rN+
                  | Dex+5} (Okawaru gifted it to you on level 4 of the Depths)
 57472 | Depths:4 | Received a gift from Okawaru
 57501 | Depths:4 | Found the +10 morningstar "Eos" {elec, Halo rElec}
 57852 | Depths:5 | Entered Level 5 of the Depths
 58490 | Depths:5 | Received a gift from Okawaru
 58712 | Depths:4 | Received a gift from Okawaru
 59350 | Depths:5 | Noticed a golden dragon
 59510 | Depths:5 | Received a gift from Okawaru
 59727 | Depths:5 | Found a gate to the Realm of Zot.
 59756 | Depths:5 | Reached skill level 10 in Throwing
 59824 | Depths:5 | Killed a golden dragon
 59948 | Depths:5 | Found a large runed translucent door.
 59948 | Depths:5 | Found a large runed translucent door.
 59948 | Depths:5 | Noticed Boawosoz's ghost (veteran CeHu)
 59976 | Depths:5 | Killed Boawosoz's ghost
 60740 | Elf:1    | Entered Level 1 of the Elven Halls
 60789 | Elf:1    | Reached skill level 23 in Shields
 60843 | Elf:1    | Reached XP level 23. HP: 178/209 MP: 28/28
 61311 | Elf:1    | Received a gift from Okawaru
 61902 | Elf:2    | Received a gift from Okawaru
 62053 | Elf:2    | Found a large runed translucent door.
 62053 | Elf:2    | Found a large runed translucent door.
 62053 | Elf:2    | Noticed WasteTime2's ghost (adept DsGl)
 62063 | Elf:2    | Killed WasteTime2's ghost
 62114 | Elf:2    | Found a runed translucent gate.
 62114 | Elf:2    | Found a runed translucent gate.
 62114 | Elf:2    | Found a runed translucent gate.
 62480 | Elf:2    | Received a gift from Okawaru
 62897 | Elf:3    | Entered Level 3 of the Elven Halls
 63020 | Elf:3    | Identified the Reference Book on Companions
 63035 | Elf:3    | Found an ancient bone altar of Kikubaaqudgha.
 63399 | Elf:3    | Noticed Saint Roka
 63424 | Elf:3    | Killed Saint Roka
 63424 | Elf:3    | Received a gift from Okawaru
 64151 | Elf:3    | Found the macabre finger necklace {rN+}
 64169 | Elf:3    | Received a gift from Okawaru
 64266 | Elf:3    | Identified the Handbook of Quantum Transmutation
 64281 | Elf:3    | Identified Ewaffem's Disquisition on the Nocuous Frostbite
 64294 | Elf:3    | Got a pitted golden ring
 64322 | Elf:3    | Identified the Compendium of the Excruciating Arsonist
 64380 | Elf:3    | Identified the ring "Heon" {rC+ Int+3} (You found it on
                  | level 3 of the Elven Halls)
 64452 | Elf:3    | Identified the Tome of Enchantment and Companions
 64914 | Crypt:1  | Entered Level 1 of the Crypt
 64923 | Crypt:1  | Noticed Boris
 65567 | Crypt:1  | Killed Boris
 65567 | Crypt:1  | Received a gift from Okawaru
 65974 | Crypt:1  | Paralysed by a vampire knight for 3 turns
 65989 | Crypt:1  | Reached XP level 24. HP: 181/220 MP: 28/28
 66013 | Crypt:1  | Identified the +5 plate armour "Uceuv" {+Fly rElec rF+}
                  | (Okawaru gifted it to you on level 1 of the Crypt)
 66362 | Crypt:1  | Found the +12 Vampire's Tooth {vamp}
 67090 | Vaults:5 | Entered Level 5 of the Vaults
 67145 | Vaults:5 | Reached skill level 24 in Shields
 67149 | Vaults:5 | Received a gift from Okawaru
 69033 | Vaults:5 | Received a gift from Okawaru
 69549 | Vaults:5 | Identified the Disquisition on the Noxious Voyage
 69613 | Vaults:5 | Identified the cursed +3 dagger of Xucoeb {protect,
                  | *Corrode rPois rC+}
 69626 | Vaults:5 | Reached XP level 25. HP: 225/230 MP: 28/28
 69764 | Vaults:5 | Identified the +6 hand axe "Plojy" {drain, MR+ Str+4 Int+3
                  | Stlth+}
 69795 | Vaults:5 | Reached skill level 25 in Shields
 70031 | Vaults:5 | Found the +6 shillelagh "Devastator" {shatter}
 70413 | Vaults:5 | Noticed an ancient lich
 70423 | Vaults:5 | Killed an ancient lich
 70423 | Vaults:5 | Received a gift from Okawaru
 70495 | Vaults:5 | Got a silver rune of Zot
 70737 | Vaults:5 | Reached skill level 15 in Throwing
 71120 | Zot:1    | Entered Level 1 of the Realm of Zot
 71123 | Zot:1    | Noticed a Killer Klown
 71133 | Zot:1    | Upgraded the game from 0.25-a0-663-gace7076f2c to
                  | 0.25-a0-665-ga69d64035b
 71135 | Zot:1    | HP: 2/230 [grey draconian/+0 war axe (16)]
 71135 | Zot:1    | Mangled by a grey draconian

Levels and vault maps discovered:
D:1:      lightli_iron_boxes, layout_basic
D:2:      minmay_chambers_of_twos, layout_rooms, marbit_many_paths,
          lemuel_crystal_altar, minmay_pentomino_t4, uniq_sigmund
D:3:      layout_basic, lemuel_doored_altar,
          nicolae_gozag_cash_rules_everything_around_me,
          chequers_ecumenical_altar_lobes, first_ration,
          minmay_fractal_squares_gapless_5, uniq_natasha, uniq_terence,
          uniq_jessica
D:4:      layout_basic, old_standard_altar, minmay_temple_entry_butterflies,
          enter_ossuary_3, kennysheep_okawaru_gauntlet
D:5:      layout_basic, overflow_temple_1_default, hangedman_ru_absence
D:6:      layout_layer_cave, dancing_weapons_uskayaw,
          chequers_serial_rivers_micro_c, nemelex_lonely_heart_becter
D:7:      minmay_polygon_palace, layout_layer_cave, kennysheep_mini,
          lemuel_crystal_altar
D:8:      wander_river, layout_rooms, fedhas_altar_3, blue_anna_alchemist
          [blue_anna_fruit_fields, blue_anna_fruit_fields]
D:9:      kennysheep_housing_project, layout_irregular_city, orc_0_dummy,
          chequers_hall_statues_y
D:10:     layout_stronghold, serial_shops, kennysheep_little_box,
          hangedman_decor_opposing
D:11:     layout_rooms, dpeg_lair_monsters, minmay_gold_behind_fungi,
          minivault_1, lightli_fourway_metalbox, uniq_josephine
D:12:     layout_roguey, gammafunk_ghost_smash, gauntlet_entry_generic
D:13:     layout_grid_maze, david_vaults_2, hangedman_abyss_or_decor_slice
D:14:     layout_cave_pods, uniq_roxanne
D:15:     grunt_enter_depths_magical_seal, layout_basic
Temple:   dpeg_chambers_temple
Lair:1:   cheibrodos_lair_river_kwai, layout_regular_city,
          infiniplex_staircase_pool, grunt_megastairs_1
Lair:2:   lemuel_reptile_caves, layout_regular_city
Lair:3:   layout_chaotic_city, minmay_shoals_entry_beasts, beast_lair_carwin_7,
          grunt_megastairs_2
Lair:4:   layout_cave_pods, spider_nest_entry_webs, lemuel_fruit_tree
Lair:5:   layout_loops_ring, nicolae_lair_grove_arrangements
Lair:6:   gammafunk_lair_ancient_temple, layout_gridlike,
          dpeg_slime_entry_enclosed_altar, grunt_forest_large_clearings
Shoals:1: layout_shoals, uniq_kirke
Shoals:2: layout_shoals, gammafunk_ghost_necromancy, uniq_aizul
Shoals:3: layout_shoals, nicolae_shoals_c_island, uniq_polyphemus, uniq_nikola
Shoals:4: shoals_end_simple, layout_shoals, uniq_louise
Spider:1: nicolae_spider_mines_1, hive_lemuel
Spider:2: layout_spider_delve, uniq_arachne
Spider:3: layout_chambers
Spider:4: guppyfry_spider_rune, drop_trap
Orc:1:    layout_caves, basic_altar
Orc:2:    st_orc_open, layout_caves, basic_altar
Elf:1:    layout_loops_corners, minivault_28
Elf:2:    layout_geoelf_diagonals, ebering_ghost_disaster_area,
          due_unseen_surprise
Elf:3:    elf_hall, layout_onion_city, basic_altar, minmay_elf_demonology,
          uniq_saint_roka
Vaults:1: v_rooms_6, v_misc_32, ontoclasm_vaults_idyll, dpeg_vaults_monster_box,
          hangedman_vaults_impose, v_misc_26, v_misc_27,
          ontoclasm_vaults_gateway, layout_vaults_omnigrid
Vaults:2: nicolae_vaults_network_s, nicolae_vaults_diagonal_hallway_8,
          ontoclasm_vaults_tryst, vaults_room_boxed,
          minmay_crypt_entry_simple_round, v_misc_26, vaults_room_octagon,
          v_misc_4, st_squares, v_alt_pattern_3, nicolae_vaults_shelves_hall,
          v_rooms_2, nicolae_vaults_three_branches, v_misc_19,
          nicolae_vaults_little_squares_4, layout_vaults_omnibox, serial_shops,
          shop
Vaults:3: v_misc_14, v_alt_pattern_1, v_rooms_1, nicolae_vaults_circle_grid_a,
          vaults_dpeg_spiral, nicolae_vaults_border_crossing,
          vaults_room_grunt_arrival_ludios, st_cells, vaults_room_hallway,
          vaults_room_corners, v_misc_11, ontoclasm_vaults_shuriken,
          vaults_mumra_lcd, layout_vaults_omnicross, uniq_xtahua
Vaults:4: ontoclasm_vaults_decontamination, nicolae_vaults_hallways_thing,
          v_misc_19, nicolae_vaults_circle_grid_b, v_misc_23,
          vaults_mumra_minichess_inversion, nicolae_vaults_network_square,
          nicolae_vaults_alarming, nicolae_vaults_big_ls, v_pattern_1,
          layout_vaults_big_room, nicolae_trove_entry_columns, uniq_donald,
          uniq_bai_suzhen, uniq_boris
Vaults:5
Crypt:1:  layout_misc_corridors, minmay_guarded_unrand_vampires_tooth
Depths:1: layout_big_octagon, chequers_serial_rivers_small_3, hell_entry,
          nicolae_abyss_entry_one_way_or_another, minmay_misc_feat_columns,
          minmay_liquid_box, kennysheep_generic_room_2, minmay_shop_grove
Depths:2: minmay_angry_zag, layout_long_grid, hangedman_decor_peaks_small,
          abyss_entry_small_statue_room, pf_hell_entry_great_geh
Depths:3: kennysheep_oblong_rooms, layout_cave_pools, enter_ziggurat_f,
          grunt_pan_entry_spiral, hell_entry, kennysheep_minor_cross,
          infiniplex_staircase_river
Depths:4: minmay_complete_graph, layout_basic, abyss_entry, pan_entry,
          minmay_misc_feat_square, hell_entry, chequers_serial_rivers_small_3,
          lemuel_flamethrower_3
Depths:5: lemuel_castle_with_subvaults [lemuel_castle_interior_original],
          layout_long_grid, serial_sigils_hangedman_gut,
          ebering_ghost_disaster_area, pf_hell_entry_tar_river,
          chequers_serial_rivers_room_a, minmay_misc_feat_plants
Zot:1:    ebering_greatest_show_in_zot, layout_misc_corridors, zot_minivault_1

Skill      XL: |  1  2  3  4  5  6  7  8  9 10 11 12 13 14 15 16 17 18 19 20 21 22 23 24 25 |
---------------+----------------------------------------------------------------------------+-----
Armour         | 5 6 7 8 10 11 13 14 15 16 17 18 19 20 21 22 | 22.5
Fighting       | 4 5 6 7 9 10 12 14 15 16 17 18 19 20 21 22 | 22.2
Long Blades    | 4 5 7 9 11 13 15 16 17 18 19 20 21 22 23 | 23.8
Invocations    | 2 5 7 8 |  8.9
Dodging        | 5 7 9 10 11 12 13 14 | 14.2
Short Blades   | 1 |  1.0
Throwing       | 1 4 6 7 10 13 14 15 | 15.0
Shields        | 4 9 15 18 20 22 23 24 25 | 25.1

Action                   |  1- 3 |  4- 6 |  7- 9 | 10-12 | 13-15 | 16-18 | 19-21 | 22-24 | 25-27 || total
-------------------------+-------+-------+-------+-------+-------+-------+-------+-------+-------++-------
Melee: Long sword        |    54 |   217 |   417 |   268 |       |       |       |       |       ||   956
       Headbutt          |    12 |    37 |    88 |   143 |   356 |   475 |   426 |   493 |    39 ||  2069
       Scimitar          |       |       |       |   372 |  1242 |   479 |       |       |       ||  2093
       Triple sword      |       |       |       |    38 |       |       |       |       |       ||    38
       Rapier            |       |       |       |     7 |    14 |     9 |       |       |       ||    30
       Double sword      |       |       |       |       |       |  1003 |  1361 |  1446 |   107 ||  3917
Throw: Javelin           |       |       |       |       |       |    19 |    49 |    94 |     1 ||   163
Invok: Heroism           |       |       |     1 |     2 |     1 |     3 |     1 |     6 |       ||    14
       Finesse           |       |       |       |       |       |     4 |       |     3 |       ||     7
 Abil: Evoke Flight      |       |       |       |       |     5 |    13 |       |       |       ||    18
       Evoke Invisibilit |       |       |       |       |       |     5 |       |       |       ||     5
       Evoke Blink       |       |       |       |       |       |     1 |       |       |     1 ||     2
Evoke: Lightning rod     |       |       |       |       |     9 |     4 |     2 |       |       ||    15
       Wand              |       |       |       |       |     6 |     2 |       |       |       ||     8
  Use: Scroll            |       |       |     7 |     1 |    26 |    17 |     7 |    10 |     3 ||    71
       Potion            |       |       |       |     3 |    11 |     8 |       |     2 |       ||    24
 Stab: Petrified         |       |       |       |     5 |       |       |       |       |       ||     5
       Paralysed         |       |       |       |       |     2 |       |       |       |       ||     2
       Invisible         |       |       |       |       |       |     8 |       |     4 |       ||    12
       Distracted        |       |       |       |       |       |       |     2 |     1 |       ||     3
  Eat: Chunk             |       |     5 |     8 |    26 |    43 |    39 |    30 |    31 |     4 ||   186
       Ration            |       |     1 |     1 |       |     2 |     6 |     1 |     3 |       ||    14
Armor: Plate armour      |    30 |    79 |       |       |   198 |   293 |   116 |   696 |   181 ||  1593
       Scale mail        |     2 |       |       |       |       |       |       |       |       ||     2
       Chain mail        |       |    22 |   185 |   281 |   322 |       |       |       |       ||   810
       Skin              |       |       |       |     3 |       |       |       |       |       ||     3
       Gold dragon scale |       |       |       |       |       |   368 |   463 |       |       ||   831
Dodge: Dodged            |     9 |    41 |   110 |   211 |   575 |   680 |   472 |   552 |   119 ||  2769
Block: Kite shield       |    32 |   117 |   203 |   280 |   576 |   816 |   929 |  1192 |   121 ||  4266
       Reflection        |       |       |       |       |       |       |    91 |    70 |     5 ||   166
       Rpst.: Long sword |     2 |    12 |    27 |    13 |       |       |       |       |       ||    54
       Triple sword      |       |       |       |    11 |       |       |       |       |       ||    11
       Scimitar          |       |       |       |    24 |   117 |    42 |       |       |       ||   183
       Double sword      |       |       |       |       |       |    76 |    69 |   103 |    22 ||   270

Table legend:
 A = Non-vault XP
 B = Vault XP
 C = Vault XP percentage of total XP
 D = Non-vault monster count
 E = Vault monster count
 F = Vault count percentage of total count
                 A         B        C        D         E       F
            +---------+---------+-------+---------+---------+-------
      Total |  596120 |  597558 |  50.1 |    1326 |     839 |  38.8
            +---------+---------+-------+---------+---------+-------
        D:1 |      35 |       0 |   0.0 |      14 |       0 |   0.0
        D:2 |      86 |     263 |  75.4 |      27 |      13 |  32.5
        D:3 |      48 |     121 |  71.6 |       8 |      10 |  55.6
        D:4 |     129 |      49 |  27.5 |      13 |       2 |  13.3
        D:5 |     772 |       0 |   0.0 |      26 |       0 |   0.0
        D:6 |    1053 |       0 |   0.0 |      17 |       0 |   0.0
        D:7 |     752 |    1303 |  63.4 |      22 |      10 |  31.2
        D:8 |     973 |      97 |   9.1 |      17 |       1 |   5.6
        D:9 |     683 |     686 |  50.1 |      11 |      26 |  70.3
       D:10 |    3740 |    2669 |  41.6 |      32 |       4 |  11.1
       D:11 |     543 |    2806 |  83.8 |       9 |      15 |  62.5
       D:12 |    3467 |    4718 |  57.6 |      24 |       6 |  20.0
       D:13 |    4640 |    4539 |  49.4 |      16 |       6 |  27.3
       D:14 |   11207 |    1897 |  14.5 |      47 |       1 |   2.1
       D:15 |   13158 |    5992 |  31.3 |      42 |       9 |  17.6
     Lair:1 |    9501 |    2591 |  21.4 |      33 |       8 |  19.5
     Lair:2 |    4958 |    1794 |  26.6 |      20 |      35 |  63.6
     Lair:3 |    6917 |    5362 |  43.7 |      12 |      20 |  62.5
     Lair:4 |    7986 |     238 |   2.9 |      29 |       1 |   3.3
     Lair:5 |    7520 |       0 |   0.0 |      25 |       0 |   0.0
     Lair:6 |    6393 |   12595 |  66.3 |      23 |      52 |  69.3
   Shoals:1 |   11848 |    2567 |  17.8 |      26 |       2 |   7.1
   Shoals:2 |   16114 |    7361 |  31.4 |      27 |      12 |  30.8
   Shoals:3 |   11051 |   13438 |  54.9 |      20 |       9 |  31.0
   Shoals:4 |    6366 |   12862 |  66.9 |      16 |      24 |  60.0
   Spider:1 |    8822 |    3105 |  26.0 |      24 |       9 |  27.3
   Spider:2 |   16127 |    3565 |  18.1 |      42 |       1 |   2.3
   Spider:3 |   13451 |       0 |   0.0 |      36 |       0 |   0.0
   Spider:4 |    9019 |   23468 |  72.2 |      23 |      40 |  63.5
      Orc:1 |    2813 |    2041 |  42.0 |      41 |       4 |   8.9
      Orc:2 |    3606 |   13468 |  78.9 |      46 |      33 |  41.8
      Elf:1 |    8318 |    6630 |  44.4 |      15 |      12 |  44.4
      Elf:2 |   19200 |   23768 |  55.3 |      33 |      30 |  47.6
      Elf:3 |   14479 |   57259 |  79.8 |      20 |      57 |  74.0
   Vaults:1 |   24736 |   20537 |  45.4 |      52 |      25 |  32.5
   Vaults:2 |   32116 |   27457 |  46.1 |      56 |      33 |  37.1
   Vaults:3 |   37859 |   33564 |  47.0 |      48 |      43 |  47.3
   Vaults:4 |   28205 |   75219 |  72.7 |      40 |      57 |  58.8
   Vaults:5 |   25640 |   96344 |  79.0 |      41 |      71 |  63.4
    Crypt:1 |   44331 |    9805 |  18.1 |      55 |       8 |  12.7
   Depths:1 |   33169 |    3946 |  10.6 |      45 |       4 |   8.2
   Depths:2 |   41481 |    6683 |  13.9 |      42 |       6 |  12.5
   Depths:3 |   14241 |   13823 |  49.3 |      17 |      20 |  54.1
   Depths:4 |   59549 |   47954 |  44.6 |      66 |      34 |  34.0
   Depths:5 |   29018 |   34249 |  54.1 |      28 |      34 |  54.8
      Zot:1 |       0 |    2392 | 100.0 |       0 |       1 | 100.0
    Ossuary |       0 |     941 | 100.0 |       0 |      32 | 100.0
   Gauntlet |       0 |    7392 | 100.0 |       0 |      19 | 100.0
            +---------+---------+-------+---------+---------+-------
